 Dungeon Crawl Stone Soup version 0.20-a0-513-g02c11fc (webtiles) character file.

509 mopl the Carver (level 7, -1/52 HPs)
             Began as a Barachian Fighter on Jan 22, 2017.
             Slain by a gnoll
             ... wielding a +0 spear
              (6 damage)
             ... on level 5 of the Dungeon.
             The game lasted 00:08:54 (3427 turns).

mopl the Carver (Barachian Fighter)                 Turns: 3427, Time: 00:08:54

Health: -1/52      AC: 11    Str: 14    XL:     7   Next: 19%
Magic:  7/7        EV:  6    Int:  9    God:
Gold:   109        SH:  9    Dex: 15    Spells: 6/6 levels left

rFire    . . .     SeeInvis .   y - -2 blowgun (curse)
rCold    . . .     Gourm    .   b - +0 scale mail
rNeg     . . .     Faith    .   c - +0 shield
rPois    +         Spirit   .   k - +1 helmet
rElec    .         Reflect  .   g - +1 cloak {rPois}
rCorr    .         Harm     .   (no gloves)
MR       .....     Rnd*Tele +   (no boots)
Stlth    ..........             (no amulet)
Regen    0.2/turn               v - ring of teleportation (curse)
                                n - +5 ring of dexterity

@: slow
A: swims, slowness 1, strong legs 1
a: Hop


You were on level 5 of the Dungeon.
You were not hungry.

You visited 1 branch of the dungeon, and saw 8 of its levels.
You also visited: Sewer.

You collected 109 gold pieces.

Inventory:

Hand Weapons
 a - a +0 long sword
 y - a cursed -2 blowgun (weapon)
Missiles
 j - 13 poisoned needles (quivered)
Armour
 b - a +0 scale mail (worn)
 c - a +0 shield (worn)
 g - a +1 cloak of poison resistance (worn)
 k - a +1 helmet (worn)
Jewellery
 n - a +5 ring of dexterity (left hand)
 r - an uncursed ring of protection from fire
 v - a cursed ring of teleportation (right hand)
Wands
 e - a wand of digging (13/24)
Scrolls
 h - a scroll of identify
 m - a scroll of amnesia
Potions
 d - a potion of cancellation
 i - a potion of ambrosia
 o - 3 potions of agility
 t - 8 potions of heal wounds {unknown}
 u - 3 potions of flight {unknown}
 x - a potion of might
 z - a potion of brilliance {unknown}
Comestibles
 f - 3 bread rations


   Skills:
 - Level 3.2 Fighting
 + Level 8.3 Long Blades
 - Level 3.2 Armour
 - Level 3.0 Shields


You had 6 spell levels left.
You didn't know any spells.

Dungeon Overview and Level Annotations

Branches:
Dungeon (8/15)
 Temple: D:4-7         Lair: D:8-11

Altars:
Makhleb
Qazlal
Trog
Vehumet


Innate Abilities, Weirdness & Mutations

You can swim through water.
You cover ground slowly.
You can hop short distances.


Message History

* * * LOW HITPOINT WARNING * * *
There is a stone staircase leading up here.
The killer bee zombie barely misses you.
The killer bee zombie hits you but does no damage.
The bullfrog hits you.
* * * LOW HITPOINT WARNING * * *
You climb upwards.
The gnoll shouts!
You are ready to hop once more.
The gnoll hits you but does no damage. x2
There is a stone staircase leading down here.
You block the gnoll's attack. You block the gnoll's attack.
An orc comes into view. It is wielding a flail.
The orc wizard gestures wildly while chanting.
The orc wizard flickers and vanishes!
Deactivating autopickup; reactivate with Ctrl-A.
You block the gnoll's attack. The gnoll hits you with a spear.
You die...

.....(g{>.#
.o..g...g##
..#
.....###o#
#.# ...###
#.## #.#
...# #..#
#.# ...#
##.######.#
..##
#go.{..#.#
..
######o#.##
## #.g@.#
####.# ###


You could see a gnoll and an orc.

Vanquished Creatures
  Sigmund (D:2)
  2 big kobolds (Sewer)
  Jessica (D:3)
  Robin (D:2)
  3 adders
  6 river rats (Sewer)
  A worm (D:2)
  A dart slug (D:2)
  3 leopard geckos
  2 orcs (D:3)
  4 bats
  4 giant cockroaches
  12 goblins
  8 hobgoblins
  3 jackals (D:2)
  6 ball pythons
  6 frilled lizards
  18 kobolds
  23 rats
105 creatures vanquished.

Notes
Turn   | Place    | Note
-------+----------+-------------------------------------------
     0 | D:1      | mopl the Barachian Fighter began the quest for the Orb.
     0 | D:1      | Reached XP level 1. HP: 18/18 MP: 1/1
   103 | D:1      | Reached skill level 3 in Long Blades
   103 | D:1      | Reached XP level 2. HP: 21/24 MP: 2/2
   706 | D:2      | Noticed Robin
   711 | D:2      | Reached XP level 3. HP: 29/29 MP: 3/3
   732 | D:2      | Reached skill level 4 in Long Blades
   736 | D:2      | Killed Robin
  1193 | D:2      | Noticed Sigmund
  1199 | D:2      | Killed Sigmund
  1199 | D:2      | Reached skill level 6 in Long Blades
  1199 | D:2      | Reached XP level 4. HP: 35/35 MP: 4/4
  1199 | D:2      | Reached XP level 5. HP: 41/41 MP: 5/5
  1210 | D:2      | Found a radiant altar of Vehumet.
  1291 | D:2      | Found a burning altar of Makhleb.
  1507 | D:3      | Reached XP level 6. HP: 46/47 MP: 6/6
  1520 | D:3      | Noticed Jessica
  1531 | D:3      | Killed Jessica
  1636 | D:3      | Found a glowing drain.
  1690 | Sewer    | Entered a sewer
  1705 | Sewer    | Reached skill level 7 in Long Blades
  2378 | Sewer    | Reached skill level 8 in Long Blades
  2378 | Sewer    | Reached XP level 7. HP: 51/52 MP: 7/7
  2693 | D:1      | HP: 2/52 [poisoned by an adder]
  2698 | D:1      | HP: 1/52 [poisoned by an adder]
  3259 | D:4      | You fall through a shaft!
  3259 | D:5      | Entered Level 5 of the Dungeon
  3302 | D:7      | Noticed a fire elemental
  3302 | D:7      | Found a stormy altar of Qazlal.
  3362 | D:7      | Found a bloodstained altar of Trog.
  3412 | D:6      | HP: 2/52 [bullfrog (3)]
  3427 | D:5      | Slain by a gnoll

Vault maps used:
D:1:      lightli_arrival_flooded_house, minmay_liquid_box
D:2:      lemuel_round_altar, first_bread, bloody_makhleb, uniq_robin,
          uniq_sigmund
D:3:      gup_sewer_entry_glass, eino_tiny_chamber, uniq_jessica
D:4:      nicolae_tso_besieged_by_evil
D:5:      minmay_diamond_boxcup, nicolae_dithmenos_the_darkroom
D:6:      tgw_fedhas, uniq_menkaure
D:7:      nicolae_qazlal_style_of_elements, trog_three_pillars_becter
D:8:      zin_academy, kennysheep_mini, lemuel_mausoleum_altar_yredelemnul
Sewer:    sewer_minmay_treatment

Skill      XL: |  1  2  3  4  5  6 |
---------------+-------------------+-----
Long Blades    | 3 6 8 |  8.3
Fighting       | |  3.2
Armour         | |  3.2
Shields        | |  3.0

Action                   |  1- 3 |  4- 6 |  7- 9 || total
-------------------------+-------+-------+-------++-------
Melee: Long sword        |   119 |   239 |    17 ||   375
       Blowgun           |       |       |   231 ||   231
 Fire: Blowgun           |       |       |    10 ||    10
 Abil: Hop               |       |     1 |     4 ||     5
  Use: Potion            |     1 |       |     5 ||     6
       Scroll            |       |     5 |     6 ||    11
  Eat: Chunk             |     2 |     4 |     1 ||     7
       Meat ration       |       |       |     1 ||     1
Armor: Scale mail        |    52 |   124 |   189 ||   365
       Skin              |       |       |    40 ||    40
Dodge: Dodged            |    32 |    58 |    87 ||   177
Block: Shield            |    62 |   146 |   199 ||   407
       Rpst.: Long sword |    13 |    19 |       ||    32
